 Dungeon Crawl Stone Soup version 0.29.0-13-gc9e81de378 (webtiles) character file.

Game seed: 2017087456173118271

51577 Arum the Warrior (level 15, -2/139 HPs)
             Began as a Formicid Fighter on Sept 10, 2022.
             Was the Champion of the Shining One.
             Killed from afar by a Hell Sentinel (53 damage)
             ... with an iron shot
             ... on level 2 of the Abyss.
             The game lasted 00:39:12 (21041 turns).

Arum the Warrior (Formicid Fighter)                Turns: 21041, Time: 00:39:13

Health: -2/139     AC: 26    Str: 29    XL:     15   Next: 2%
Magic:  13/21      EV:  8    Int:  7    God:    the Shining One [******]
Gold:   338        SH:  7    Dex: 13    Spells: 14/14 levels left

rFire   . . .      SeeInvis +   L - +2 great mace (vorpal)
rCold   + . .      Faith    .   c - +0 buckler {AC+3}
rNeg    + + +      Spirit   .   J - +0 plate armour
rPois   .          Reflect  .   (helmet unavailable)
rElec   .          Harm     .   q - +1 cloak
rCorr   .          Rampage  .   w - +0 pair of gloves
Will    +....                   (no boots)
Stlth   ..........              (no amulet)
HPRegen 0.33/turn               k - +4 ring of protection
MPRegen 0.17/turn               l - ring of protection from cold

@: glowing
A: permanent stasis, dig shafts and tunnels, antennae 3, four strong arms
a: Dig, Shaft Self, Renounce Religion, Divine Shield, Cleansing Flame, Summon
Divine Warrior, Brand Weapon With Holy Wrath


You were on level 2 of the Abyss.
You worshipped the Shining One.
The Shining One was exalted by your worship.
You visited 2 branches of the dungeon, and saw 16 of its levels.
You visited the Abyss 1 time.
You also visited: Ossuary.

You collected 1224 gold pieces.
You spent 886 gold pieces at shops.

Inventory:

Hand Weapons
 a - a +0 giant club
 u - a +3 lajatang
 A - a +0 dire flail
 H - the +6 dire flail of Pride {antimagic, rF- Int+5}
   (You bought it in a shop on level 12 of the Dungeon)

   It reduces the magical energy of the wielder, and disrupts the spells and
   magical abilities of those it strikes.
   Natural abilities and divine invocations are not affected.
   Int:       It affects your intelligence (+5).
   rF:        It makes you vulnerable to fire.
 L - a +2 vorpal great mace (weapon)
Missiles
 f - 3 throwing nets
 I - 6 silver javelins
Armour
 c - a +0 buckler of protection (worn)
 q - a +1 cloak (worn)
 w - a +0 pair of gloves (worn)
 J - a +0 plate armour (worn)
Jewellery
 k - a +4 ring of protection (left hand)
 l - a ring of protection from cold (right hand)
 o - a +6 ring of dexterity
 p - a +4 ring of evasion
Wands
 b - a wand of iceblast (6)
 e - a wand of flame (35)
 h - a wand of polymorph (5)
Scrolls
 m - 2 scrolls of noise
 n - 2 scrolls of poison
 r - 2 scrolls of butterflies
 s - 3 scrolls of magic mapping
 x - 2 scrolls of enchant armour
 y - 5 scrolls of immolation
 C - a scroll of enchant weapon
 D - 2 scrolls of silence
 E - 11 scrolls of identify
 F - 3 scrolls of fear
Potions
 d - 3 potions of might
 g - 10 potions of curing
 i - 2 potions of mutation
 j - 10 potions of flight
 t - 2 potions of heal wounds
 v - 2 potions of resistance
 z - 2 potions of brilliance
 B - a potion of ambrosia


   Skills:
 + Level 19.0 Fighting
 + Level 13.6(14.0) Maces & Flails
 - Level 5.4(10.3) Staves
 * Level 12.4 Armour
 + Level 11.0 Shields
 - Level 8.0 Invocations


You had 14 spell levels left.
You didn't know any spells.
Your spell library contained the following spells:

 Spells                   Type           Power      Damage    Failure   Level
 Apportation              Tloc           0%         N/A       98%         1
 Magic Dart               Conj           0%         1d3       98%         1
 Necrotise                Necr           0%         1d4       98%         1
 Summon Small Mammal      Summ           0%         N/A       98%         1
 Call Imp                 Summ           0%         N/A       99%         2
 Ensorcelled Hibernation  Hex/Ice        0%         N/A       99%         2
 Passwall                 Tmut/Erth      0%         N/A       99%         2
 Inner Flame              Hex/Fire       0%         N/A       100%        3
 Mephitic Cloud           Conj/Pois/Air  0%         N/A       100%        3
 Ozocubu's Armour         Ice            0%         N/A       100%        3
 Cause Fear               Hex            0%         N/A       100%        4
 Fulminant Prism          Conj/Hex       0%         3d6       100%        4
 Iskenderun's Mystic Bla  Conj/Tloc      0%         2d3       100%        4
 Petrify                  Tmut/Erth      0%         N/A       100%        4
 Borgnjor's Vile Clutch   Necr/Erth      0%         N/A       100%        5
 Lee's Rapid Deconstruct  Erth           0%         3d5*      100%        5
 Manifold Assault         Tloc           0%         N/A       100%        5
 Metabolic Englaciation   Hex/Ice        0%         N/A       100%        5
 Simulacrum               Ice/Necr       0%         N/A       100%        6
 Ozocubu's Refrigeration  Ice            0%         4d7       100%        7
 Storm Form               Tmut/Air       0%         N/A       100%        7
 Discord                  Hex            0%         N/A       100%        8
 Blink                    Tloc           Unusable   N/A       N/A         2
 Swiftness                Air            Unusable   N/A       N/A         3

Dungeon Overview and Level Annotations

Branches:
Dungeon (15/15)            Temple (1/1) D:5            Lair (0/5) D:8
    Orc (0/2) D:12         Vaults (0/5) D:13         Depths (0/4) D:15
Ossuary (visited)

Altars:
Ashenzari
Cheibriados
Dithmenos
Elyvilon
Fedhas
Gozag
Hepliaklqana
Kikubaaqudgha
Makhleb
Nemelex Xobeh
Okawaru
Qazlal
Ru
Sif Muna
Trog
Uskayaw
Vehumet
Wu Jian
Xom
Yredelemnul
Zin
The Shining One

Shops:
D:5 *   D:7 !   D:12 (

Annotations:
D:15 Louise


Innate Abilities, Weirdness & Mutations

You cannot be hasted, slowed, berserked, paralysed or teleported.
You can dig through walls and to a lower floor.
You have a pair of large antennae on your head. (SInv)
Your four strong arms can wield two-handed weapons with a shield.


Message History

You destroy the starcursed mass!
A starcursed mass splits.
You have reached level 15!
Your experience leads to an increase in your attributes!
Increase (S)trength, (I)ntelligence, or (D)exterity?
You feel stronger. x2
You hit the starcursed mass but do no damage.
The starcursed mass is severely damaged.
The starcursed mass shrieks in your mind.
You hit the starcursed mass.
You destroy the starcursed mass!
Your Fighting skill increases to level 19!
You hit the starcursed mass.
The starcursed mass is almost destroyed.
The starcursed mass shrieks in your mind.
You thump the starcursed mass!
You destroy the starcursed mass!
Your Shields skill increases to level 11!
You start resting.
You sense a monster nearby.
You start resting.
A Hell Sentinel comes into view.
The Hell Sentinel roars!
Okay, then.
You are momentarily dazzled by a brilliant light.
The Hell Sentinel hits you but does no damage.
You block the Hell Sentinel's attack.
Unknown command.
You bludgeon the Hell Sentinel!!
The Hell Sentinel is lightly wounded.
The Hell Sentinel hits you! The Hell Sentinel hits you.
Your angel hits the Hell Sentinel with a +3 whip of holy wrath!
The Hell Sentinel convulses.
Your angel hits the Hell Sentinel but does no damage.
You bludgeon the Hell Sentinel!!
The Hell Sentinel is heavily wounded.
Your angel hits the Hell Sentinel but does no damage. x2
The Hell Sentinel gestures at you. The iron shot hits you!!!
You die...

.. # .#.
# #
##..#
..#
##.#.# .
.#..#.##
# . #.
###.#..#
# # .
#..#...#
. .
#.1@..#
# .
#)A#..#
#..# ..
#
#..###.#
##.. .#
. # .
##### ..
# .# . .
#.#.. ..
. #. #
.. #..
.. .##
#. _ # .
#


You could see a Hell Sentinel (ally target) and a friendly angel (summoned).

Vanquished Creatures
  Gastronok (D:9)
  A tentacled starspawn (Abyss:2)
  A vault guard (D:13)
  3 boulder beetles
  A hydra (D:15)
  2 two-headed ogres
  3 centaur warriors
  A fenstrider witch skeleton (Abyss:2)
  Erica (D:9)
  4 tengu warriors (D:14)
  A thrashing horror (Abyss:2)
  A sun demon (Abyss:2)
  A wretched star (Abyss:2)
  A storm dragon skeleton (D:15)
  A spatial maelstrom (Abyss:2)
  A skeletal warrior (D:14)
  3 starcursed masses (Abyss:2)
  2 necromancers
  A phantasmal warrior (D:15)
  5 wizards (D:13)
  Pikel (D:9)
  5 ugly things
  6 cyclopes
  3 manticores
  2 stone giant skeletons (D:15)
  A rust devil (Abyss:2)
  3 gargoyles
  5 kobold demonologists
  2 efreet
  An unseen horror (D:11)
  A yaktaur (D:15)
  4 tengu conjurers (D:14)
  2 trolls
  Grinder (D:5)
  24 slime creatures
  A spriggan zombie (D:15)
  A shadow (D:11)
  3 wraiths
  18 humans (D:13)
  5 wyverns
  17 yaks
  An unseen horror simulacrum (D:9)
  2 basilisks
  A steam dragon (D:7)
  8 vampire mosquitoes
  Menkaure (Ossuary)
  A warg (D:12)
  A spatial vortex (Abyss:2)
  6 small abominations (Abyss:2)
  3 acid dragons
  8 water moccasins
  Duvessa (D:6)
  3 large abominations (Abyss:2)
  6 orc warriors
  2 black bears (D:8)
  4 ice beasts (D:9)
  An ogre (D:5)
  A sky beast (D:8)
  5 wolves (D:8)
  6 centaurs
  2 lemures (D:9)
  2 kobold brigands (D:10)
  A necrophage (D:6)
  5 scorpions
  3 bullfrogs
  A gnoll sergeant (D:6)
  Dowan (D:6)
  21 killer bees
  2 vampire bats (D:14)
  5 howler monkeys
  An electric eel (D:9)
  3 hounds
  4 jellies
  A quasit (D:5)
  7 orc priests
  2 gnoll boudas
  Jessica (D:3)
  3 iguanas
  8 orc wizards
  A centaur simulacrum (D:9)
  3 mummies (Ossuary)
  A killer bee simulacrum (D:9)
  14 gnolls
  7 adders
  A shadow imp (D:5)
  10 white imps
  2 howler monkey simulacra (D:9)
  8 ufetubi
  3 dart slugs
  32 orcs
  12 ball pythons
  3 endoplasms
  6 giant cockroaches
  A goblin (D:1)
  11 hobgoblins
  7 jackals
  16 kobolds
  5 quokkas
  14 bats
  3 frilled lizards
  4 gnoll skeletons (Ossuary)
  A gnoll zombie (Ossuary)
  6 goblin skeletons (Ossuary)
  4 goblin zombies (Ossuary)
  3 hobgoblin skeletons (Ossuary)
  6 hobgoblin zombies (Ossuary)
  A jackal skeleton (D:6)
  5 kobold skeletons
  6 kobold zombies
  3 orc skeletons (Ossuary)
  4 orc zombies (Ossuary)
  4 rats
  5 rat skeletons (Ossuary)
  5 rat zombies (Ossuary)
492 creatures vanquished.

Vanquished Creatures (others)
  5 fungi (D:8)
  23 plants
  2 starspawn tentacles (Abyss:2)
  4 withered plants (D:15)
34 creatures vanquished.

Grand Total: 526 creatures vanquished

Notes
Turn   | Place    | Note
-------+----------+-------------------------------------------
     0 | D:1      | Arum the Formicid Fighter began the quest for the Orb.
     0 | D:1      | Reached XP level 1. HP: 18/18 MP: 1/1
   201 | D:1      | Reached XP level 2. HP: 22/24 MP: 2/2
   917 | D:2      | Reached XP level 3. HP: 27/30 MP: 3/3
  1006 | D:2      | Reached skill level 4 in Fighting
  1168 | D:2      | Found a faded altar of an unknown god.
  1179 | D:2      | Prayed at the altar of an unknown god.
  1179 | D:2      | Became a worshipper of Sif Muna the Loreminder
  1179 | D:2      | Reached * piety under Sif Muna
  1180 | D:2      | Fell from the grace of Sif Muna
  1258 | D:2      | Reached XP level 4. HP: 35/37 MP: 4/4
  1828 | D:3      | Noticed Jessica
  1833 | D:3      | Killed Jessica
  2000 | D:3      | Reached XP level 5. HP: 33/43 MP: 5/5
  2491 | D:4      | Reached skill level 5 in Fighting
  2567 | D:4      | Reached XP level 6. HP: 46/51 MP: 6/6
  3267 | D:4      | Reached skill level 6 in Fighting
  3326 | D:5      | Entered Level 5 of the Dungeon
  3368 | D:5      | Reached skill level 5 in Staves
  3374 | D:5      | Reached XP level 7. HP: 46/58 MP: 7/7
  3688 | D:5      | Found a staircase to the Ecumenical Temple.
  3699 | Temple   | Entered the Ecumenical Temple
  3925 | Temple   | Became a worshipper of the Shining One
  3990 | D:5      | Reached skill level 1 in Maces & Flails
  4060 | D:5      | Noticed Grinder
  4067 | D:5      | Killed Grinder
  4068 | D:5      | Reached skill level 7 in Fighting
  4068 | D:5      | Reached XP level 8. HP: 48/67 MP: 8/8
  4353 | D:5      | Identified the +3 long sword "Jaerch" {freeze, rElec}
  4401 | D:5      | Found Jiuniele's Mayhem Merchandise.
  4441 | D:5      | Found a glowing silver altar of Zin.
  4443 | D:5      | Found a sacrificial altar of Ru.
  4445 | D:5      | Found a hide-covered altar of Uskayaw.
  4446 | D:5      | Found a radiant altar of Vehumet.
  4848 | D:6      | Found a sand-covered staircase.
  4868 | Ossuary  | Entered an ossuary
  4880 | Ossuary  | Reached * piety under the Shining One
  4944 | Ossuary  | Reached ** piety under the Shining One
  5124 | Ossuary  | Reached *** piety under the Shining One
  5219 | Ossuary  | Noticed Menkaure
  5219 | Ossuary  | Reached **** piety under the Shining One
  5230 | Ossuary  | Killed Menkaure
  5231 | Ossuary  | Reached skill level 8 in Fighting
  5340 | D:6      | Identified a scroll of acquirement
  5340 | D:6      | Acquired a manual of Fighting
  5362 | D:6      | Reached skill level 5 in Maces & Flails
  5362 | D:6      | Reached XP level 9. HP: 74/75 MP: 9/9
  5425 | D:6      | Found a runed translucent door.
  5560 | D:6      | Found a hazy altar of Hepliaklqana.
  5630 | D:6      | Reached skill level 9 in Fighting
  5793 | D:6      | Noticed Dowan
  5821 | D:6      | Noticed Duvessa
  5838 | D:6      | Killed Duvessa
  5839 | D:6      | Reached skill level 10 in Fighting
  5952 | D:6      | Killed Dowan
  5953 | D:6      | Reached ***** piety under the Shining One
  5984 | D:6      | Found a basalt altar of Yredelemnul.
  6569 | D:6      | Was forgiven by Sif Muna
  6636 | D:7      | Found Dytsoz's Distillery.
  6638 | D:7      | Bought a potion of curing for 36 gold pieces
  6638 | D:7      | Bought a potion of curing for 36 gold pieces
  6638 | D:7      | Bought a potion of curing for 36 gold pieces
  6638 | D:7      | Bought a potion of mutation for 96 gold pieces
  6710 | D:7      | Reached skill level 11 in Fighting
  6727 | D:7      | Reached skill level 1 in Invocations
  7127 | D:7      | Found a snail-covered altar of Cheibriados.
  7645 | D:8      | Reached XP level 10. HP: 70/88 MP: 12/12
  7662 | D:8      | Reached skill level 12 in Fighting
  7905 | D:8      | Reached skill level 5 in Invocations
  8082 | D:8      | Reached skill level 13 in Fighting
  8433 | D:8      | Found a staircase to the Lair.
  8516 | D:8      | Found an iron altar of Okawaru.
  9069 | D:9      | Reached XP level 11. HP: 98/99 MP: 16/16
  9099 | D:9      | Reached skill level 14 in Fighting
  9515 | D:9      | Got the Textbook on Rocky Frostbite
  9583 | D:9      | Noticed Gastronok
  9607 | D:9      | Killed Gastronok
  9844 | D:9      | Identified the +2 short sword of the New World {freeze,
                  | rC+}
  9961 | D:9      | Noticed Pikel
  9992 | D:9      | Killed Pikel
 10129 | D:9      | Reached skill level 15 in Fighting
 10607 | D:9      | Noticed Erica
 10619 | D:9      | Killed Erica
 10620 | D:9      | Reached skill level 10 in Maces & Flails
 11201 | D:9      | Found a bloodstained altar of Trog.
 11528 | D:10     | Entered Level 10 of the Dungeon
 11573 | D:10     | Noticed a sixfirhy
 11577 | D:10     | Noticed a sun demon
 11714 | D:10     | Reached skill level 16 in Fighting
 12496 | D:11     | Noticed a cyclops
 12512 | D:11     | Killed a cyclops
 12703 | D:11     | Noticed a cyclops
 12713 | D:11     | Killed a cyclops
 12714 | D:11     | Reached XP level 12. HP: 89/113 MP: 18/18
 12863 | D:11     | Noticed a two-headed ogre
 12884 | D:11     | Killed a two-headed ogre
 12885 | D:11     | Reached skill level 17 in Fighting
 13086 | D:11     | Noticed a sixfirhy
 13432 | D:11     | Reached skill level 5 in Shields
 13503 | D:11     | Reached skill level 5 in Armour
 13884 | D:12     | Reached ****** piety under the Shining One
 14058 | D:12     | Noticed a two-headed ogre
 14076 | D:12     | Killed a two-headed ogre
 14237 | D:12     | Noticed a boulder beetle
 14250 | D:12     | Killed a boulder beetle
 14630 | D:12     | Noticed a boulder beetle
 14644 | D:12     | Killed a boulder beetle
 14815 | D:12     | Reached XP level 13. HP: 120/122 MP: 19/19
 15059 | D:12     | Found Hiopsyci's Weapon Shop.
 15067 | D:12     | Bought the +6 dire flail of Pride {antimagic, rF- Int+5}
                  | for 682 gold pieces
 15231 | D:12     | Found a staircase to the Orcish Mines.
 15911 | D:13     | Noticed a centaur warrior
 16163 | D:13     | Killed a centaur warrior
 16164 | D:13     | Reached skill level 18 in Fighting
 16389 | D:13     | Noticed a vault guard
 16404 | D:13     | Killed a vault guard
 16460 | D:13     | Found a gate to the Vaults.
 16568 | D:13     | Noticed a centaur warrior
 16576 | D:13     | Killed a centaur warrior
 16593 | D:13     | Reached skill level 10 in Armour
 17016 | D:13     | Reached XP level 14. HP: 120/131 MP: 6/20
 18577 | D:14     | Reached skill level 10 in Shields
 19556 | D:15     | Entered Level 15 of the Dungeon
 19559 | D:15     | Found a staircase to the Depths.
 20508 | D:15     | Noticed Louise
 20511 | Abyss:2  | Cast into level 2 of the Abyss (Louise)
 20691 | Abyss:2  | Found a corrupted altar of Lugonu.
 20900 | Abyss:2  | Noticed a tentacled starspawn
 20913 | Abyss:2  | Killed a tentacled starspawn
 21009 | Abyss:2  | Noticed a starcursed mass
 21020 | Abyss:2  | Reached XP level 15. HP: 77/138 MP: 21/21
 21023 | Abyss:2  | Reached skill level 19 in Fighting
 21036 | Abyss:2  | Noticed a Hell Sentinel
 21041 | Abyss:2  | Killed from afar by a Hell Sentinel

Illustrated notes

Levels and vault maps discovered:
D:1:      roderic_dead_forest, layout_loops_ring, minmay_misc_feat_roman,
          serial_bayou_lagoon_a
D:2:      layout_loops_ring, nicolae_ecumenical_oubliette, serial_bayou_ford_a
D:3:      layout_rooms, uniq_jessica
D:4:      layout_basic
D:5:      layout_cave_pools, minitemple, minmay_temple_entry_gardened_gates,
          serial_demonic, serial_demonic_b, serial_demonic_e, serial_demonic_a,
          serial_demonic_a, serial_demonic_a, minmay_shop_mayhem,
          columned_hall_lemuel, nrook_loot_triangle,
          amcnicky_mini_corridor_feature, uniq_grinder
D:6:      layout_basic, dk_yredelemnul_ordeal,
          worldfamousw_hep_ancestral_shrine, nicolae_ossuary_entry_monument,
          uniq_duvessa
D:7:      layout_basic, mainiacjoe_overflow_cross_hatched, serial_shops, shop
D:8:      layout_cave_pools, okawaru_metal_pillars_3, minmay_lair_entry_grove
D:9:      layout_grid_maze, mainiacjoe_overflow_tiny_flanked, serial_ice,
          serial_ice_k, serial_ice_o, serial_ice_h, serial_ice_f,
          grunt_decor_junction, minmay_misc_feat_diagonals, uniq_gastronok,
          uniq_erica, uniq_pikel
D:10:     layout_stronghold, nicolae_straight_to_the_point
D:11:     kennysheep_blocky_hall, layout_stronghold
D:12:     layout_rooms, david_orc_1_choice, serial_shops, shop
D:13:     layout_basic, grunt_vaults_entry_tiered
D:14:     layout_loops_ring, hangedman_decor_cross_pass, roderic_batcave,
          minmay_rotating_lava
D:15:     gammafunk_depths_entry_grave, layout_grid_maze, serial_park_square2,
          uniq_louise
Temple:   nicolae_temple_god_jail
Abyss:2:  base:
D:8

Skill      XL: |  1  2  3  4  5  6  7  8  9 10 11 12 13 14 15 |
---------------+----------------------------------------------+-----
Fighting       | 4 5 6 7 8 11 13 16 17 18 19 | 19.0
Staves         | 3 4 5 |  5.4
Maces & Flails | 2 5 7 8 10 11 12 13 | 13.6
Invocations    | 3 6 8 |  8.0
Armour         | 6 10 12 | 12.4
Shields        | 6 9 10 11 | 11.0

Action                   |  1- 3 |  4- 6 |  7- 9 | 10-12 | 13-15 || total
-------------------------+-------+-------+-------+-------+-------++-------
Melee: Quarterstaff      |    87 |   153 |   404 |   133 |       ||   777
       Flail             |       |       |       |   531 |    41 ||   572
       Dire flail        |       |       |       |       |   317 ||   317
       Great mace        |       |       |       |       |   203 ||   203
Invok: Renounce Religion |     1 |       |       |       |       ||     1
       Cleansing Flame   |       |       |       |       |     1 ||     1
       Summon Divine War |       |       |       |       |     1 ||     1
 Abil: Dig               |     1 |       |     4 |     8 |     3 ||    16
Evoke: Wand              |       |       |       |    25 |       ||    25
  Use: Scroll            |       |       |    20 |     2 |     1 ||    23
       Potion            |       |       |     1 |     3 |     3 ||     7
Armor: Scale mail        |    49 |    86 |   164 |   224 |    42 ||   565
       Plate armour      |       |       |       |       |   236 ||   236
Dodge: Dodged            |    46 |    71 |   211 |   370 |   194 ||   892
Block: Buckler           |    36 |    41 |    90 |   126 |   138 ||   431
